 Dungeon Crawl Stone Soup version 0.30.1-11-g7821555f0a (webtiles) character file.

Game seed: 1272995273735429705

10 1111 the Cudgeller (level 2, 28/28 HPs)
             Began as a Troll Gladiator on Nov 13, 2023.
             Quit the game on level 1 of the Dungeon.
             The game lasted 00:01:40 (204 turns).

1111 the Cudgeller (Troll Gladiator)                 Turns: 204, Time: 00:01:41

Health: 28/28      AC:  4    Str: 21    XL:     2   Next: 10%
Magic:  1/1        EV: 10    Int:  4    God:
Gold:   17         SH:  0    Dex: 11    Spells: 1/1 levels left

rFire   . . .        a - +0 flail
rCold   . . .        (no shield)
rNeg    . . .        b - +0 robe
rPois   .            c - +0 hat
rElec   .            (no cloak)
rCorr   .            (gloves unavailable)
SInv    .            (boots unavailable)
Will    .....        (no amulet)
Stlth   +            (no ring)
HPRegen 1.04/turn    (no ring)
MPRegen 0.07/turn

%: no passive effects
@: no status effects
A: large, unfitting armour, claws 3, regeneration 1, shaggy fur 1, tough skin 1
a: no special abilities


You were on level 1 of the Dungeon.
You visited 1 branch of the dungeon, and saw 1 of its levels.

You collected 17 gold pieces.

Inventory:

Hand Weapons
 a - a +0 flail (weapon)
Missiles
 d - 3 throwing nets (quivered)
 e - a large rock
Armour
 b - a +0 robe (worn)
 c - a +0 hat (worn)
Scrolls
 f - a scroll of teleportation {unknown}
Potions
 g - a potion of cancellation {unknown}


   Skills:
 - Level 1.8 Fighting
 + Level 2.8 Maces & Flails
 - Level 2.0 Throwing
 - Level 2.5 Dodging


You had one spell level left.
You didn't know any spells.
Your spell library contained the following spells:

 Spells                   Type           Power      Damage    Failure   Level
 Vhi's Electric Charge    Tloc/Air       0%         N/A       86%         3
 Arcjolt                  Conj/Air       0%         1d10      100%        5
 Maxwell's Capacitive Co  Air            0%         ∞         100%        8


Dungeon Overview and Level Annotations

Branches:
Dungeon (1/15)

Altars:


Innate Abilities, Weirdness & Mutations

You are too large for most types of armour.
You have claws for hands.
Your natural rate of healing is unusually fast.
You are covered in fur. (AC +1)
You have tough skin. (AC +1)


Message History

You thump the ball python!
You kill the ball python!
You see here a ball python corpse.
Found a stone staircase leading down.
You see here a +0 mace.
You see here a +0 dagger.
You now have 17 gold pieces.
A goblin comes into view. It is wielding a +0 club.
The goblin closely misses you. The goblin hits you with a +0 club.
You see here Maxwell's Memoranda.
The goblin hits you with a +0 club.
You closely miss the goblin. The goblin hits you with a +0 club.
You sock the goblin!
You kill the goblin!
Your Throwing skill increases to level 2!
You see here a +0 club.
You see here a +0 club.
You pick up Maxwell's Memoranda and begin reading...
You add the spells Vhi's Electric Charge, Arcjolt and Maxwell's Capacitive Coupling to your library.
Found a stone staircase leading down.
There is a stone staircase leading down here.
Found a club.
Found a stone staircase leading down.
You see here a +0 club.
A dart slug comes into view.
A dart slug is nearby!
The dart slug launches a dart at you.
The slug dart hits you but does no damage.
The dart slug launches a dart at you. The slug dart hits you.
The dart slug misses you.
You hit the dart slug.
The dart slug is severely wounded.
The dart slug closely misses you.
You hit the dart slug.
You kill the dart slug!
You have reached level 2!
g - a fizzy yellow potion Are you sure you want to abandon this character and quit the game? (Confirm with "yes".)

......##.##.# #..#
#.........#.# #..#
#.#######.#.# #..#
#.# #.#.# #..# #.#
#.#.# #..# #.#
#.#.# #..# #.#
#.#.# #..# #.#
#.#.# #..#
#.#######.#.# #.@#
#...........# #..#
#########.#####..#
.............##..#
#########.##)##..#
#.##.....# #
#.######.##.# #.#
#......# #.#
#.#.##.#


There were no monsters in sight!

Vanquished Creatures
  A dart slug (D:1)
  2 ball pythons (D:1)
  An endoplasm (D:1)
  2 goblins (D:1)
  A rat (D:1)
7 creatures vanquished.

Notes
Turn   | Place    | Note
-------+----------+-------------------------------------------
     0 | D:1      | 1111 the Troll Gladiator began the quest for the Orb.
     0 | D:1      | Reached XP level 1. HP: 19/19 MP: 0/0
   195 | D:1      | Reached XP level 2. HP: 28/28 MP: 1/1
   204 | D:1      | Quit the game

Illustrated notes

Levels and vault maps discovered:
D:1:      giann_forest_graveyard, layout_basic, minmay_worlds_worst_comb

Skill      XL: |  1 |
---------------+----+-----
Throwing       | 2 |  2.0
Fighting       | |  1.8
Maces & Flails | |  2.8
Dodging        | |  2.5

Action                     || total
---------------------------++-------
  Melee: Flail             ||    17
 Armour: Robe              ||     6
  Dodge: Dodged            ||     6
